 Dungeon Crawl Stone Soup version 0.30-a0-250-g41c1d76940 (webtiles) character file.

Game seed: 8697141727427720911

25156 slphil the Dealer of Despair (level 12, -2/97 HPs)
             Began as a Mummy Necromancer on Oct 12, 2022.
             Was an Elder of Kikubaaqudgha.
             Slain by an orc warrior
             ... wielding a +0 short sword
              (13 damage)
             ... on level 1 of the Orcish Mines.
             The game lasted 00:41:16 (14883 turns).

slphil the Dealer of Despair (Mummy Necromancer)   Turns: 14883, Time: 00:41:16

Health: -2/97      AC: 14    Str: 11    XL:     12   Next: 87%
Magic:  1/28       EV:  9    Int: 20    God:    Kikubaaqudgha [****..]
Gold:   760        SH:  0    Dex: 12    Spells: 9/35 levels left

rFire   . . .      SeeInvis .    x - +7 staff of the Meek {protect, meekguard}
rCold   + . .      Faith    +    (shield currently unavailable)
rNeg    + + +      Spirit   .    G - +2 scale mail "Nubryize" {+Blink +Inv Regen+}
rPois   ∞          Reflect  .    C - +0 helmet
rElec   .          Harm     .    p - +0 cloak
rCorr   .          Rampage  .    B - +2 pair of gloves {infuse}
Will    ++...                    (no boots)
Stlth   ..........               i - amulet of regeneration
HPRegen 1.96/turn                n - ring of protection from fire
MPRegen 0.21/turn                v - ring of willpower

@: about to teleport, animating dead
A: cold resistance 1, negative energy resistance 3, torment resistance 2, heat
vulnerability 1, in touch with death 1, no potions, faith
a: Renounce Religion, Evoke Blink, Evoke Invisibility, Unearth Wretches


You were on level 1 of the Orcish Mines.
You worshipped Kikubaaqudgha.
Kikubaaqudgha was greatly pleased with you.
You visited 4 branches of the dungeon, and saw 16 of its levels.

You collected 1030 gold pieces.
You spent 270 gold pieces at shops.

Inventory:

Hand Weapons
 m - a +4 dagger
 t - a +3 scimitar of draining
 u - a +2 dagger of speed
 x - the +7 staff of the Meek (weapon) {protect, meekguard}
   (You found it on level 4 of the Dungeon)

   It grants its wielder temporary protection when it strikes (+7 to AC).
   It provides extra protection to wielders with little health.
Armour
 a - a +0 robe
 e - a +2 robe of positive energy
 p - a +0 cloak (worn)
 y - a +0 pair of gloves
 B - a +2 pair of gloves of infusion (worn)
 C - a +0 helmet (worn)
 G - the +2 scale mail "Nubryize" (worn) {+Blink +Inv Regen+}
   (You found it on level 2 of the Lair of Beasts)

   +Inv:      It lets you turn invisible.
   +Blink:    It lets you blink.
   Regen:     It increases your rate of health regeneration.
Jewellery
 i - an amulet of regeneration (around neck)
 j - a +4 ring of evasion
 n - a ring of protection from fire (left hand)
 r - a ring of resist corrosion
 v - a ring of willpower (right hand)
 z - an amulet of the acrobat
 E - a +6 ring of strength
Wands
 h - a wand of charming (11)
 q - a wand of roots (15)
 s - a wand of flame (47)
 w - a wand of mindburst (2)
 A - a wand of polymorph (5)
 D - a wand of quicksilver (6)
Scrolls
 b - 4 scrolls of poison
 c - 3 scrolls of summoning
 f - 2 scrolls of teleportation
 g - a scroll of enchant armour
 k - 6 scrolls of vulnerability
 l - 7 scrolls of identify
 o - a scroll of enchant weapon
 F - a scroll of amnesia


   Skills:
 - Level 10.0 Fighting
 - Level 5.0 Staves
 + Level 2.7 Armour
 - Level 1.5 Dodging
 - Level 1.5 Stealth
 - Level 12.0 Spellcasting
 - Level 13.0 Necromancy
 + Level 5.0 Ice Magic
 + Level 2.7 Earth Magic
 - Level 5.0 Evocations


You had 9 spell levels left.
You knew the following spells:

 Your Spells              Type           Power      Damage    Failure   Level
a - Necrotise             Necr           100%       1d9       1%          1
b - Vampiric Draining     Necr           77%        2d11      1%          3
c - Animate Dead          Necr           77%        N/A       1%          4
d - Frozen Ramparts       Ice            64%        1d10      12%         3
e - Dispel Undead         Necr           77%        3d25      1%          4
f - Borgnjor's Vile Clut  Necr/Erth      30%        N/A       32%         5
g - Simulacrum            Ice/Necr       32%        N/A       75%         6

Your spell library contained the following spells:

 Spells                   Type           Power      Damage    Failure   Level
 Kiss of Death            Conj/Necr      100%       2d13      2%          1
 Freeze                   Ice            100%       1d10      4%          1
 Agony                    Necr           77%        N/A       4%          5
 Anguish                  Hex/Necr       27%        N/A       22%         4
 Death Channel            Necr           38%        N/A       22%         6
 Sting                    Tmut/Pois      48%        1d5       30%         1
 Hailstorm                Conj/Ice       22%        3d7       32%         3
 Poisonous Vapours        Pois/Air       24%        N/A       43%         2
 Olgreb's Toxic Radiance  Pois           12%        N/A       97%         4


Dungeon Overview and Level Annotations

Branches:
Dungeon (11/15)            Temple (1/1) D:5            Lair (2/5) D:10
  Swamp (0/4) Lair:2          Orc (2/2) D:9
  Snake: Lair:2-3    Spider: Lair:2-3       Elf: Orc:2

Altars:
Ashenzari
Cheibriados
Dithmenos
Fedhas
Gozag
Hepliaklqana
Kikubaaqudgha
Makhleb
Nemelex Xobeh
Okawaru
Qazlal
Ru
Sif Muna
Trog
Uskayaw
Vehumet
Wu Jian
Xom
Yredelemnul

Shops:
D:7 *   D:8 [   Orc:1 **


Innate Abilities, Weirdness & Mutations

You are immune to poison.
Your flesh is cold resistant. (rC+)
You are immune to negative energy. (rN+++)
You are immune to unholy pain and torment.
You are vulnerable to heat. (rF-)
You are in touch with the powers of death.
You do not drink.
You have a special connection with the divine. (Faith)


Message History

Your frozen ramparts will break if you move.
Continue?
Okay, then.
Your frozen ramparts will break if you move.
Continue?
The wall freezes the orc warrior.
The orc warrior barely misses you. The orc warrior completely misses you.
The orc warrior barely misses you.
The orc warrior hits your orc warrior zombie with a +0 war axe! x2
The orc warrior hits your orc priest zombie with a +0 war axe!
The orc knight roars a battlecry!
The orcs go into a battle-frenzy!
Your orc warrior zombie hits the orc warrior but does no damage.
You hear a shout!
The frozen ramparts melt away.
You climb upwards.
Your mindless puppet stays behind to rot.
There is a stone staircase leading down here.
Casting: Vampiric Draining (safe; 1% risk of failure)
Confirm with . or Enter, or press ? or * to list all spells.
Aiming: Vampiric Draining (safe; 1% risk of failure)
Press: ? - help, Shift-Dir - straight line, f - orc warrior
Aim: an orc warrior, wielding a +0 war axe and wearing a +0 plate armour (severely wounded, strong)
You feel a surge of power!
You draw life force from the orc warrior.
You feel life coursing into your body.
The orc warrior hits you but does no damage.
The orc warrior barely misses you.
The orc warrior hits you with a +0 war axe!
The orc warrior barely misses you.
The orc warrior hits you with a +0 flail!
* * * LOW HITPOINT WARNING * * *
There is a staircase back to the Dungeon here.
As you read the scroll of teleportation, it crumbles to dust.
You feel strangely unstable.
The orc warrior hits you with a +0 short sword!
* * * LOW HITPOINT WARNING * * *
The orc warrior barely misses you.
The orc warrior hits you with a +0 war axe.
* * * LOW HITPOINT WARNING * * *
The orc warrior attacks as you move away!
The orc warrior hits you with a +0 short sword!
You die...
Kikubaaqudgha rasps: "You have failed me!
Welcome... oblivion!"

### ### ##.######.## ###
#...#..#...# ##.###.........####
##.............###.## ###
#.......#.....###...###.###
##.##.........#.#...##....##
####......o[.........#......
##.##......o@..#.#.#)#Z.Z#..Z
#.........[o..#.[)..).....### ##
##...........#..)...)....## # .##
##...........#.......#######
..#####............#...########..
.###..##.#............####.~~)Z..
.##.....#...##.......###~....#.##
...#................## #~...~###
....................## #.....####


You could see 3 orc warriors.

Vanquished Creatures
  A hydra (Lair:2)
  A two-headed ogre (Orc:1)
  2 bog bodies (Lair:2)
  3 orc sorcerers
  5 elephants
  A black mamba (Lair:1)
  A gargoyle (D:10)
  3 cane toads
  A rime drake (Lair:2)
  A komodo dragon (D:10)
  Psyche (D:8)
  3 trolls
  4 polar bears (Lair:1)
  A hornet (D:8)
  A blink frog (Lair:2)
  A vampire (D:11)
  5 wyverns
  18 yaks
  3 vampire mosquitoes (D:10)
  A steam dragon (D:8)
  A warg (Orc:2)
  Edmund (D:6)
  A swamp worm (Lair:2)
  7 water moccasins
  2 ice beasts (D:8)
  3 black bears
  A sky beast (D:7)
  16 orc warriors
  3 ogres
  4 centaurs
  4 wolves
  A phantom (D:6)
  9 bullfrogs
  2 necrophages (D:7)
  2 scorpions (D:6)
  16 wights
  5 killer bees (D:9)
  An electric eel (Lair:2)
  A crimson imp (D:8)
  3 jellies
  13 orc priests
  4 hounds
  Jessica (D:3)
  4 iguanas
  13 orc wizards
  11 gnolls
  3 adders
  4 white imps
  A howler monkey simulacrum (D:8)
  A worm (D:4)
  54 orcs
  6 endoplasms
  A giant cockroach (D:4)
  9 goblins
  6 hobgoblins
  3 quokkas
  4 ball pythons
  6 bats
  A frilled lizard (D:2)
  11 kobolds
  A rat (D:1)
297 creatures vanquished.

Vanquished Creatures (collateral kills)
  An orc sorcerer (Orc:2)
  4 elephants (Lair:2)
  2 black mambas (Lair:2)
  A rime drake (Lair:2)
  A polar bear (Lair:2)
  3 blink frogs (Lair:2)
  3 yaks
  A wyvern (D:8)
  An unseen horror simulacrum (D:8)
  A basilisk (D:10)
  A swamp worm (Lair:2)
  A water moccasin (D:10)
  4 orc warriors (Orc:2)
  3 centaurs (Orc:2)
  A bullfrog (Lair:2)
  A jelly (D:6)
  2 orc priests
  An orc wizard (D:8)
  A gnoll (D:5)
  2 orcs
  A goblin (D:1)
  A ball python (D:1)
  2 frilled lizards
39 creatures vanquished.

Vanquished Creatures (others)
  A two-headed ogre (D:8)
  A troll (Orc:2)
  2 yaks
  A two-headed ogre zombie (D:8)
  A warg (Orc:2)
  A water moccasin (Lair:2)
  A cane toad zombie (Lair:2)
  2 orc warriors (Orc:2)
  3 ogres (Orc:2)
  A centaur (D:8)
  A wolf (Lair:2)
  A bullfrog (Lair:2)
  A wyvern zombie (D:10)
  A water moccasin zombie (Lair:2)
  2 warg zombies (Orc:2)
  A troll zombie (Orc:2)
  A wight (D:8)
  A yak zombie (D:6)
  A howler monkey (D:6)
  A wolf zombie (Lair:2)
  A bullfrog zombie (Lair:2)
  6 centaur zombies
  2 orc priests (Orc:2)
  An orc wizard (Orc:2)
  4 ogre zombies (Orc:2)
  A howler monkey zombie (D:6)
  A gnoll (Orc:2)
  An iguana zombie (D:6)
  An orc (D:8)
  A kobold (D:8)
  3 gnoll zombies
  A hobgoblin zombie (D:8)
  24 orc zombies
  A rat (D:8)
  A rat zombie (D:8)
  8 fungi
  23 plants
105 creatures vanquished.

Grand Total: 441 creatures vanquished

Notes
Turn   | Place    | Note
-------+----------+-------------------------------------------
     0 | D:1      | slphil the Mummy Necromancer began the quest for the Orb.
     0 | D:1      | Reached XP level 1. HP: 13/13 MP: 4/4
   266 | D:1      | Reached XP level 2. HP: 19/20 MP: 1/6
   460 | D:1      | Reached skill level 1 in Fighting
   682 | D:1      | Found a faded altar of an unknown god.
   896 | D:2      | Gained mutation: You are in touch with the powers of death.
                  | [Mummy growth]
   896 | D:2      | Reached XP level 3. HP: 26/26 MP: 5/7
  1970 | D:3      | Noticed Jessica
  1980 | D:3      | Learned a level 3 spell: Vampiric Draining
  1987 | D:3      | Killed Jessica
  1988 | D:3      | Reached XP level 4. HP: 33/33 MP: 7/9
  2293 | D:4      | Found the +7 staff of the Meek {protect, meekguard}
  2393 | D:4      | Noticed an ogre
  2402 | D:4      | Killed an ogre
  2403 | D:4      | Reached skill level 5 in Necromancy
  2403 | D:4      | Reached XP level 5. HP: 40/40 MP: 9/12
  2709 | D:4      | Learned a level 4 spell: Animate Dead
  2784 | D:4      | Reached skill level 5 in Spellcasting
  2784 | D:4      | Reached XP level 6. HP: 43/47 MP: 3/13
  2979 | D:5      | Entered Level 5 of the Dungeon
  3147 | D:5      | Noticed a water moccasin
  3159 | D:5      | Killed a water moccasin
  3160 | D:5      | Reached XP level 7. HP: 46/54 MP: 1/15
  3501 | D:5      | Found a hazy altar of Hepliaklqana.
  3505 | D:5      | Found a shadowy altar of Dithmenos.
  3508 | D:5      | Found a bloodstained altar of Trog.
  3510 | D:5      | Found a hide-covered altar of Uskayaw.
  3678 | D:5      | Found a staircase to the Ecumenical Temple.
  3690 | Temple   | Entered the Ecumenical Temple
  3728 | Temple   | Became a worshipper of Kikubaaqudgha
  4115 | D:5      | Reached skill level 6 in Necromancy
  4718 | D:6      | Reached skill level 5 in Fighting
  4768 | D:6      | Reached XP level 8. HP: 60/62 MP: 18/18
  4781 | D:6      | Reached * piety under Kikubaaqudgha
  4781 | D:6      | Received a gift from Kikubaaqudgha
  4983 | D:6      | Noticed Edmund
  5074 | D:6      | Killed Edmund
  5075 | D:6      | Reached skill level 7 in Necromancy
  5268 | D:6      | Reached skill level 1 in Staves
  5268 | D:6      | Reached skill level 1 in Evocations
  5647 | D:7      | Found Nekonwytz's Assorted Antiques.
  5650 | D:7      | Bought a pair of runed gloves for 270 gold pieces
  6101 | D:8      | Learned a level 3 spell: Frozen Ramparts
  6117 | D:8      | Found an iron altar of Okawaru.
  6166 | D:8      | Reached XP level 9. HP: 68/69 MP: 17/21
  6205 | D:8      | Reached skill level 1 in Ice Magic
  6468 | D:8      | Noticed Psyche
  6478 | D:8      | Killed Psyche
  6625 | D:8      | Found Zedigoe's Antique Armour Shop.
  6708 | D:8      | Noticed a two-headed ogre
  7091 | D:8      | Reached XP level 10. HP: 79/79 MP: 13/22
  7334 | D:8      | Found a burning altar of Makhleb.
  7643 | D:9      | Reached ** piety under Kikubaaqudgha
  7963 | D:9      | Found a staircase to the Orcish Mines.
  7992 | D:9      | Reached skill level 5 in Staves
  7992 | D:9      | Reached skill level 5 in Evocations
  8426 | D:9      | Reached *** piety under Kikubaaqudgha
  8426 | D:9      | Received a gift from Kikubaaqudgha
  8438 | D:9      | Identified the +0 robe of the Battered Xeniums {Fly rPois
                  | Int-3}
  8927 | D:10     | Entered Level 10 of the Dungeon
  8933 | D:10     | Learned a level 4 spell: Dispel Undead
  8939 | D:10     | Learned a level 5 spell: Borgnjor's Vile Clutch
  9221 | D:10     | Reached skill level 8 in Necromancy
  9234 | D:10     | Reached XP level 11. HP: 72/89 MP: 2/24
  9351 | D:10     | Found a staircase to the Lair.
 10406 | Lair:1   | Entered Level 1 of the Lair of Beasts
 10515 | D:10     | Reached skill level 10 in Spellcasting
 10650 | D:10     | Learned a level 6 spell: Simulacrum
 10891 | D:10     | Reached skill level 9 in Necromancy
 11068 | Lair:1   | Reached **** piety under Kikubaaqudgha
 11541 | Lair:1   | Reached skill level 10 in Fighting
 11635 | Lair:1   | Reached skill level 10 in Necromancy
 12549 | Lair:2   | Noticed an eight-headed hydra
 12562 | Lair:2   | Killed an eight-headed hydra
 12727 | Lair:2   | Reached skill level 11 in Necromancy
 12727 | Lair:2   | Reached XP level 12. HP: 84/97 MP: 23/27
 12832 | Lair:2   | Identified the +2 scale mail "Nubryize" {+Blink +Inv
                  | Regen+}
 13226 | Lair:2   | Reached skill level 12 in Necromancy
 13661 | Lair:2   | Found a staircase to the Swamp.
 13665 | Lair:2   | Reached skill level 13 in Necromancy
 13893 | Orc:1    | Entered Level 1 of the Orcish Mines
 14120 | Orc:1    | Found Feklit's General Store.
 14121 | Orc:1    | Found Yvatras's Specific Store.
 14144 | Orc:1    | Reached skill level 1 in Armour
 14144 | Orc:1    | Reached skill level 1 in Earth Magic
 14409 | Orc:1    | Noticed a two-headed ogre
 14421 | Orc:1    | Killed a two-headed ogre
 14448 | Orc:1    | Reached ***** piety under Kikubaaqudgha
 14554 | Orc:2    | Entered Level 2 of the Orcish Mines
 14874 | Orc:2    | Reached skill level 5 in Ice Magic
 14883 | Orc:1    | Slain by an orc warrior

Illustrated notes

Levels and vault maps discovered:
D:1:      mrwooster_arrival_statue_2, layout_basic,
          dilly_ecumenical_altar_fadedgnrine, chequers_jeans,
          minmay_close_crescents
D:2:      layout_loops_ring
D:3:      layout_basic, uniq_jessica
D:4:      layout_rooms, pf_guarded_unrand_meek
D:5:      layout_gridville, minitemple, minmay_temple_entry_grid,
          amcnicky_mini_rare_corridor_liquid
D:6:      layout_basic, uniq_edmund
D:7:      layout_basic, serial_shops, kennysheep_mini_moat
D:8:      layout_loops_corners, makhleb_grotto_becter,
          okawaru_metal_pillars_1_2, serial_shops, nicolae_shop_behind_doors,
          serial_ice, serial_ice_g, serial_ice_i, serial_ice_m, serial_ice_a,
          uniq_psyche
D:9:      layout_gridville, orc_0_dummy
D:10:     layout_grid_maze, minmay_lair_entry_grove
D:11:     minmay_clustersquares, layout_long_grid, serial_undead,
          serial_undead_f, serial_undead_a, serial_undead_a, serial_undead_c,
          serial_undead_d, portal_ice_cave_demonic_guard
Temple:   minmay_temple_curvy_branch
Lair:1:   layout_loops_ring, st_stairs_6, cheibrodos_lair_lostbears
Lair:2:   layout_regular_city, nicolae_swamp_entry_splash_gauntlet
Orc:1:    layout_caves, serial_shops, nicolae_shop_hallway_plus,
          minmay_shop_mass, nicolae_orc_damp_corner, nicolae_specific_store
Orc:2:    st_orc_rangers, layout_diamond_mine, serial_shops, nicolae_shop_stone,
          kennysheep_orc_chapel

Skill      XL: |  1  2  3  4  5  6  7  8  9 10 11 12 |
---------------+-------------------------------------+-----
Spellcasting   | 3 4 5 7 8 9 11 12 | 12.0
Fighting       | 1 2 3 4 5 6 7 9 10 | 10.0
Necromancy     | 5 6 7 8 11 13 | 13.0
Staves         | 2 4 5 |  5.0
Evocations     | 2 4 5 |  5.0
Ice Magic      | 4 5 |  5.0
Armour         | 2 |  2.7
Earth Magic    | 2 |  2.7
Dodging        | |  1.5
Stealth        | |  1.5

Action                   |  1- 3 |  4- 6 |  7- 9 | 10-12 || total
-------------------------+-------+-------+-------+-------++-------
Melee: Quarterstaff      |       |       |   151 |   390 ||   541
 Cast: Necrotise         |    69 |    60 |   137 |    96 ||   362
       Animate Dead      |       |     1 |     5 |     8 ||    14
       Vampiric Draining |       |       |     3 |    43 ||    46
       Frozen Ramparts   |       |       |     1 |     3 ||     4
       Borgnjor's Vile C |       |       |       |    14 ||    14
       Dispel Undead     |       |       |       |     2 ||     2
Invok: Unearth Wretches  |       |       |     3 |     5 ||     8
Evoke: Wand              |       |     4 |     5 |    12 ||    21
  Use: Scroll            |       |    12 |     2 |     5 ||    19
 Stab: Sleeping          |       |       |     2 |       ||     2
       Distracted        |       |       |     1 |     2 ||     3
       Paralysed         |       |       |     1 |     3 ||     4
Armor: Robe              |     4 |     6 |    76 |   201 ||   287
       Scale mail        |       |       |       |   115 ||   115
Dodge: Dodged            |     5 |     8 |   133 |   398 ||   544

Table legend: (Time is in decaauts)
 A = Elapsed time spent in this place.
 B = Non-inter-level travel time spent in this place.
 C = Inter-level travel time spent in this place.
 D = Time resting spent in this place.
 E = Time spent auto-exploring this place.
 F = Levels seen in this place.
 G = Mean time per level.
                   A        B        C        D        E       F      G
               +--------+--------+--------+--------+--------+-----+--------+
         Total |  14945 |  14373 |    572 |    408 |  11552 |  16 |  934.1 |
       Dungeon |  10830 |  10386 |    444 |    266 |   8305 |  11 |  984.5 |
        Temple |    265 |    260 |      5 |      0 |    254 |   1 |  265.0 |
          Lair |   2896 |   2810 |     86 |      0 |   2464 |   2 | 1448.0 |
  Orcish Mines |    952 |    916 |     36 |    142 |    528 |   2 |  476.0 |
               +--------+--------+--------+--------+--------+-----+--------+

Top non-repeatable levels by time:
    D:10: 2025 daAuts
     D:8: 1590 daAuts
  Lair:1: 1543 daAuts
     D:9: 1368 daAuts
  Lair:2: 1352 daAuts
     D:5: 1120 daAuts
     D:6: 1020 daAuts
     D:1: 850 daAuts
     D:4: 815 daAuts
   Orc:1: 783 daAuts
     D:3: 708 daAuts
     D:7: 675 daAuts
     D:2: 616 daAuts
  Temple: 265 daAuts
   Orc:2: 169 daAuts
